 Dungeon Crawl Stone Soup version 0.29-a0-266-gf56f883ddd (webtiles) character file.

Game seed: 4072481767149068034

198 sokol815 the Sneak (level 6, 0/35 HPs)
             Began as a Kobold Brigand on Mar 7, 2022.
             Killed by divine providence
             ... invoked by an orc priest
              (15 damage)
             ... on level 4 of the Dungeon.
             The game lasted 00:04:25 (3659 turns).

sokol815 the Sneak (Kobold Brigand)                 Turns: 3659, Time: 00:04:26

Health: 0/35       AC:  7    Str:  9    XL:     6   Next: 5%
Magic:  6/6        EV: 10    Int: 12    God:
Gold:   204        SH:  0    Dex: 18    Spells: 5/5 levels left

rFire   . . .      SeeInvis .   j - +0 spear (freeze)
rCold   . . .      Faith    .   (no shield)
rNeg    . . .      Spirit   .   k - +0 scale mail
rPois   .          Reflect  .   (no helmet)
rElec   .          Harm     .   c - +0 cloak
rCorr   .          Rampage  .   (no gloves)
Will    .....                   (no boots)
Stlth   ++++......              (no amulet)
HPRegen 0.11/turn               Q - +4 ring of slaying
MPRegen 0.10/turn               (no ring)

@: no status effects
A: small, no large weapons, nightstalker 3
a: no special abilities


You were on level 4 of the Dungeon.
You visited 1 branch of the dungeon, and saw 4 of its levels.

You collected 204 gold pieces.

Inventory:

Hand Weapons
 a - a +3 dagger
   (You found it on level 3 of the Dungeon)
 j - a +0 spear of freezing (weapon)
   (You took it off a gnoll on level 2 of the Dungeon)
Missiles
 d - 8 poisoned darts
 e - 3 curare-tipped darts
 s - 228 stones
Armour
 b - a +0 robe
 c - a +0 cloak (worn)
 k - a +0 scale mail (worn)
   (You took it off an orc on level 3 of the Dungeon)
Jewellery
 Q - a +4 ring of slaying (left hand)
   (You found it on level 1 of the Dungeon)
Wands
 h - a wand of acid (10)
   (You found it on level 3 of the Dungeon)
Scrolls
 n - a scroll of enchant weapon {unknown}
 p - a scroll of summoning {unknown}
 Y - 3 scrolls of teleportation {@r3}
Potions
 f - a potion of mutation {unknown}
 g - 2 potions of curing {unknown}
 i - a potion of heal wounds {unknown}
 l - a potion of resistance {unknown}
 m - a potion of berserk rage {unknown}
 o - a potion of lignification {unknown}
 M - a potion of might


   Skills:
 - Level 2.1 Fighting
 + Level 5.7 Short Blades
 - Level 2.1 Throwing
 - Level 1.2 Dodging
 + Level 7.7 Stealth


You had 5 spell levels left.
You didn't know any spells.
Your spell library was empty.

Dungeon Overview and Level Annotations

Branches:
Dungeon (4/15)
 Temple: D:4-7

Altars:
Okawaru
Qazlal
Ru


Innate Abilities, Weirdness & Mutations

You are small and have problems with some larger weapons.
You are completely attuned to the shadows.


Message History

You reach to attack!
You hit the worm. You freeze the worm.
You see here a scroll labelled DAK EGOCZYOFAM.
The orc attacks as you move away! The orc barely misses you.
The orc attacks as you move away! The orc barely misses you.
You completely miss the orc. The orc completely misses you.
You hit the orc. You freeze the orc. The orc hits you but does no damage.
You barely miss the orc. The orc barely misses you.
You closely miss the orc. The orc hits you with a +0 whip.
You take 1 damage, and have 29/30 hp.
You hit the orc. You freeze the orc. The orc misses you.
You barely miss the orc. The orc misses you.
You hit the orc. You freeze the orc.
You kill the orc!
You puncture the orc! You freeze the orc.
You kill the orc!
You hit the worm. You freeze the worm. The worm closely misses you.
You hit the worm. You freeze the worm. You puncture the worm!
You freeze the worm.
You kill the worm!
You have reached level 6!
Health restored: 35; MP restored: 6
o - a black potion
Items here: )) [ ††.
A kobold comes into view. It is wielding a +0 short sword.
You see here a scroll labelled DAK EGOCZYOFAM.
You reach to attack!
The kobold shouts!
You hit the kobold. You freeze the kobold.
You kill the kobold!
No target in view!
No target in view!
p - a scroll labelled DAK EGOCZYOFAM
Items here: )) [ ††.
Okay, then.
You now have 204 gold pieces (gained 8).
An orc comes into view. It is wielding a +0 dagger.
The orc moves out of view.
The orc shouts!
You hear a shout!
An orc comes into view. It is wielding a +2 vorpal hand axe.
Things that are here:
a +0 hand axe; an orc corpse The orc shouts!
You hit the orc. You freeze the orc.
You hear a shout!
The orc closely misses you.
You hit the orc. You freeze the orc.
You kill the orc!
An orc comes into view. It is wielding a +0 dagger.
You reach to attack!
You hit the orc. You freeze the orc. You completely miss the orc.
The orc hits you with a +2 vorpal hand axe.
You take 3 damage, and have 32/35 hp.
You puncture the orc! You freeze the orc.
You kill the orc!
You barely miss the orc. The orc closely misses you.
The orc hits you but does no damage.
You hit the orc. You freeze the orc.
You kill the orc!
An orc priest comes into view.
It is wielding a +1 trident of holy wrath.
You reach to attack!
You hit the orc priest. You freeze the orc priest.
The orc priest mumbles some strange prayers to Beogh against you.
Beogh smites you!
You take 9 damage, and have 24/35 hp.
MASSIVE DAMAGE!!
Reach: j) +0 spear (freeze)
Aim: an orc priest, wielding a +1 trident of holy wrath and wearing a +0 leather armour (heavily wounded, about 32% to evade your +0 spear of freezing)
You reach to attack!
You hit the orc priest. You freeze the orc priest.
The orc priest hits you from afar with a +1 trident of holy wrath.
You take 3 damage, and have 21/35 hp.
Reach: j) +0 spear (freeze)
Aim: an orc priest, wielding a +1 trident of holy wrath and wearing a +0 leather armour (severely wounded, about 32% to evade your +0 spear of freezing)
You reach to attack!
You hit the orc priest but do no damage.
The orc priest hits you from afar with a +1 trident of holy wrath.
You take 6 damage, and have 15/35 hp.
Reach: j) +0 spear (freeze)
Aim: an orc priest, wielding a +1 trident of holy wrath and wearing a +0 leather armour (severely wounded, about 32% to evade your +0 spear of freezing)
You reach to attack!
You barely miss the orc priest.
The orc priest hits you from afar with a +1 trident of holy wrath.
You take 1 damage, and have 14/35 hp.
Reach: j) +0 spear (freeze)
Aim: an orc priest, wielding a +1 trident of holy wrath and wearing a +0 leather armour (severely wounded, about 32% to evade your +0 spear of freezing)
You reach to attack!
You hit the orc priest. You freeze the orc priest.
The orc priest calls down the wrath of Beogh upon you.
You barely resist.
Reach: j) +0 spear (freeze)
Aim: an orc priest, wielding a +1 trident of holy wrath and wearing a +0 leather armour (almost dead, about 32% to evade your +0 spear of freezing)
You reach to attack!
You closely miss the orc priest.
The orc priest hits you but does no damage.
Reach: j) +0 spear (freeze)
Aim: an orc priest, wielding a +1 trident of holy wrath and wearing a +0 leather armour (almost dead, about 32% to evade your +0 spear of freezing)
You reach to attack!
You hit the orc priest but do no damage.
The orc priest looks braver for a moment.
Reach: j) +0 spear (freeze)
Aim: an orc priest, wielding a +1 trident of holy wrath and wearing a +0 leather armour (almost dead, about 32% to evade your +0 spear of freezing)
You reach to attack!
You barely miss the orc priest.
The orc priest calls down the wrath of Beogh upon you.
Beogh smites you!
You die...

#.#####.. ..#
#..# .. ....####
###.# ..
.....#8###8#)#
##
#............#
#⌠)..........#
##............#
##..).)#8###8###
8...@.#### ###
..o..## ....8#
...### ..#


You could see an orc priest.

Vanquished Creatures
  A black bear (D:2)
  3 gnolls (D:2)
  2 worms
  3 dart slugs
  12 orcs
  4 bats
  3 endoplasms
  A giant cockroach (D:1)
  2 hobgoblins (D:1)
  3 quokkas
  7 ball pythons
  2 frilled lizards
  3 goblins
  4 kobolds
  4 rats
54 creatures vanquished.

Notes
Turn   | Place    | Note
-------+----------+-------------------------------------------
     0 | D:1      | sokol815 the Kobold Brigand began the quest for the Orb.
     0 | D:1      | Reached XP level 1. HP: 12/12 MP: 1/1
   256 | D:1      | Found a faded altar of an unknown god.
   499 | D:1      | Reached skill level 3 in Short Blades
   604 | D:1      | Reached XP level 2. HP: 17/17 MP: 2/2
  1382 | D:2      | Noticed a black bear
  1386 | D:2      | Killed a black bear
  1387 | D:2      | Reached skill level 4 in Short Blades
  1387 | D:2      | Reached skill level 7 in Stealth
  1387 | D:2      | Reached XP level 3. HP: 21/21 MP: 3/3
  1387 | D:2      | Reached XP level 4. HP: 26/26 MP: 4/4
  1387 | D:2      | Reached XP level 5. HP: 30/30 MP: 5/5
  1434 | D:2      | Reached skill level 5 in Short Blades
  2927 | D:3      | Found an iron altar of Okawaru.
  3089 | D:3      | Noticed a water elemental
  3091 | D:3      | Found a stormy altar of Qazlal.
  3094 | D:3      | Noticed an air elemental
  3098 | D:3      | Noticed a fire elemental
  3290 | D:3      | Found a sacrificial altar of Ru.
  3614 | D:4      | Reached XP level 6. HP: 35/35 MP: 6/6
  3659 | D:4      | Killed from afar by an orc priest

Illustrated notes

Levels and vault maps discovered:
D:1:      kennysheep_arrival_seaside, layout_loops_corners,
          chequers_ecumenical_altar_lobes
D:2:      layout_loops_corners
D:3:      layout_basic, nicolae_qazlal_style_of_elements, okawaru_gym_becter,
          nicolae_ru_sacrificial_ziggurat, serial_rivers,
          chequers_serial_rivers_micro_b, chequers_serial_rivers_room_b,
          chequers_serial_rivers_small_3, chequers_serial_rivers_marsh,
          chequers_serial_rivers_room_a, solitary_fountain,
          chequers_serial_rivers_room_b, saegor_snake_ambush
D:4:      layout_basic, mainiacjoe_overflow_divided_tiny, serial_shops,
          nicolae_shop_bloodbath_and_beyond, serial_corexii_hall,
          corexii_hall_statues_s, chequers_hall_statues_y, uniq_pikel

Skill      XL: |  1  2  3  4  5 |
---------------+----------------+-----
Short Blades   | 3 4 5 |  5.7
Stealth        | 7 |  7.7
Fighting       | |  2.1
Throwing       | |  2.1
Dodging        | |  1.2

Action                   |  1- 3 |  4- 6 || total
-------------------------+-------+-------++-------
Melee: Dagger            |    16 |    20 ||    36
       Spear             |       |    79 ||    79
Throw: Dart              |       |     6 ||     6
  Use: Scroll            |       |     2 ||     2
 Stab: Sleeping          |    15 |    13 ||    28
       Distracted        |       |     1 ||     1
Armor: Scale mail        |       |     9 ||     9
       Robe              |       |     2 ||     2
Dodge: Dodged            |       |    35 ||    35

Table legend: (Time is in decaauts)
 A = Elapsed time spent in this place.
 B = Non-inter-level travel time spent in this place.
 C = Inter-level travel time spent in this place.
 D = Time resting spent in this place.
 E = Time spent auto-exploring this place.
 F = Levels seen in this place.
 G = Mean time per level.
                   A        B        C        D        E       F      G
               +--------+--------+--------+--------+--------+-----+--------+
         Total |   3687 |   3573 |    114 |    350 |   2805 |   4 |  921.8 |
       Dungeon |   3687 |   3573 |    114 |    350 |   2805 |   4 |  921.8 |
               +--------+--------+--------+--------+--------+-----+--------+

Top non-repeatable levels by time:
     D:1: 1353 daAuts
     D:2: 1151 daAuts
     D:3: 1092 daAuts
     D:4: 90 daAuts

Table legend:
 A = Kills in this place as a percentage of kills in entire the game.
 B = Kills by you in this place as a percentage of kills by you in the entire game.
 C = Kills by friends in this place as a percentage of kills by friends in the entire game.
 D = Other kills in this place as a percentage of other kills in the entire game.
 E = Experience gained in this place as a percentage of experience gained in the entire game.
 F = Experience gained in this place divided by the number of levels of this place that you have seen.
                   A       B       C       D       E      F
               +-------+-------+-------+-------+-------+----------------------
         Total | 100.0 | 100.0 |   N/A |   N/A | 100.0 |  70.8
       Dungeon | 100.0 | 100.0 |   N/A |   N/A | 100.0 |  70.8
               +-------+-------+-------+-------+-------+----------------------
